 Dungeon Crawl Stone Soup version 0.28-a0-883-gc8d7bad45d (webtiles) character file.

Game seed: 12625683384993497473

1567 pokeman the Thaumaturge (level 8, 0/44 HPs)
             Began as a Deep Elf Hedge Wizard on Nov 22, 2021.
             Killed by divine providence
             ... invoked by an orc priest
              (10 damage)
             ... on level 8 of the Dungeon.
             The game lasted 00:14:59 (5827 turns).

pokeman the Thaumaturge (Deep Elf Hedge Wizard)     Turns: 5827, Time: 00:15:01

Health: 0/44       AC:  4    Str:  7    XL:     8   Next: 59%
Magic:  15/23      EV: 12    Int: 22    God:
Gold:   150        SH:  0    Dex: 14    Spells: 15/26 levels left

rFire   + . .      SeeInvis .   c - +0 dagger (elec)
rCold   x . .      Faith    .   (no shield)
rNeg    . . .      Spirit   .   a - +0 leather armour
rPois   .          Reflect  .   m - +0 helmet
rElec   .          Harm     .   (no cloak)
rCorr   .          Rampage  .   (no gloves)
Will    .....                   (no boots)
Stlth   ++........              (no amulet)
HPRegen 0.14/turn               i - ring of fire
MPRegen 0.18/turn               b - ring of flight

@: flying
A: no striking features
a: no special abilities


You were on level 8 of the Dungeon.
You visited 1 branch of the dungeon, and saw 6 of its levels.

You collected 150 gold pieces.

Inventory:

Hand Weapons
 c - a +0 dagger of electrocution (weapon)
 u - a +0 longbow
Missiles
 r - 20 bolts
 x - 55 arrows
Armour
 a - a +0 leather armour (worn)
 m - a +0 helmet (worn)
Magical Staves
 t - a staff of air
Jewellery
 b - a ring of flight (right hand)
 i - a ring of fire (left hand)
 z - a ring of positive energy
Wands
 w - a wand of flame (14)
Scrolls
 d - 2 scrolls of amnesia {unknown}
 e - a scroll of blinking {unknown}
 j - 2 scrolls of vulnerability {unknown}
 k - a scroll of silence {unknown}
 l - 4 scrolls of identify {unknown}
 n - 4 scrolls of teleportation {unknown}
 q - 3 scrolls of magic mapping {unknown}
 s - a scroll of noise {unknown}
 v - a scroll of enchant weapon {unknown}
 y - a scroll of fear {unknown}
Potions
 f - 2 potions of flight {unknown}
 g - 2 potions of curing {unknown}
 h - a potion of ambrosia {unknown}
 o - a potion of haste {unknown}
 p - 2 potions of mutation {unknown}


   Skills:
 - Level 2.1 Fighting
 + Level 2.9 Armour
 - Level 3.1 Dodging
 - Level 3.1 Stealth
 * Level 9.9 Spellcasting
 + Level 5.2 Conjurations
 - Level 1.1 Summonings
 - Level 1.1 Translocations
 + Level 3.6 Fire Magic
 - Level 1.0 Air Magic
 - Level 1.2 Poison Magic
 - Level 1.1 Evocations


You had 15 spell levels left.
You knew the following spells:

 Your Spells              Type           Power      Damage    Failure   Level
a - Magic Dart            Conj           100%       1d8       1%          1
b - Mephitic Cloud        Conj/Pois/Air  22%        N/A       10%         3
c - Call Imp              Summ           15%        N/A       9%          2
d - Blink                 Tloc           30%        N/A       9%          2
e - Conjure Flame         Conj/Fire      45%        6-21      4%          3

Your spell library contained the following spells:

 Spells                   Type           Power      Damage    Failure   Level
 Sting                    Tmut/Pois      52%        1d5       7%          1
 Slow                     Hex            40%        N/A       9%          1
 Poisonous Vapours        Pois/Air       30%        N/A       9%          2
 Call Canine Familiar     Summ           15%        N/A       17%         3
 Gell's Gravitas          Tloc           15%        N/A       17%         3
 Lesser Beckoning         Tloc           15%        N/A       17%         3
 Teleport Other           Tloc           15%        N/A       17%         3
 Portal Projectile        Hex/Tloc       26%        N/A       22%         3
 Olgreb's Toxic Radiance  Pois           16%        N/A       45%         4
 Leda's Liquefaction      Hex/Erth       5%         N/A       65%         4
 Manifold Assault         Tloc           15%        N/A       83%         5
 Storm Form               Tmut/Air       6%         N/A       100%        7


Dungeon Overview and Level Annotations

Branches:
Dungeon (5/15)
 Temple: D:4-7

Altars:
Dithmenos

Shops:
D:1 [


Message History

Aim: an orc, wielding a +0 hand axe and wearing a +0 leather armour (wandering, hasn't noticed you, 100% to hit)
The magic dart hits the orc.
The orc is lightly wounded.
The orc shouts!
You hear a shout!
Casting: Magic Dart (safe; 1% risk of failure)
Confirm with . or Enter, or press ? or * to list all spells.
Aiming: Magic Dart (safe; 1% risk of failure)
Press: ? - help, Shift-Dir - straight line, f/p - orc
Aim: an orc, wielding a +0 hand axe and wearing a +0 leather armour (lightly wounded, 100% to hit)
The magic dart hits the orc.
The orc is severely wounded.
Casting: Magic Dart (safe; 1% risk of failure)
Confirm with . or Enter, or press ? or * to list all spells.
Aiming: Magic Dart (safe; 1% risk of failure)
Press: ? - help, Shift-Dir - straight line, f/p - orc
Aim: an orc, wielding a +0 hand axe and wearing a +0 leather armour (severely wounded, 100% to hit)
The magic dart hits the orc!
You kill the orc!
An orc warrior comes into view.
It is wielding a +0 mace. 2 yaks come into view.
The yak moves out of view.
Things that are here:
a yak corpse; a yak corpse; a yak corpse
Things that are here:
a yak corpse; a yak corpse; a yak corpse An orc comes into view.
It is wielding a +0 dagger.
An orc priest comes into view. It is wielding a +0 club.
The orc warrior shouts!
The orc shouts!
You hear a bellow!
The orc priest shouts!
The orc hits you but does no damage.
The orc priest calls down the wrath of Beogh upon you.
Pain shoots through your body!
* * * LOW HITPOINT WARNING * * *
Casting: Magic Dart (safe; 1% risk of failure)
Confirm with . or Enter, or press ? or * to list all spells.
A beastly little devil appears in a puff of flame.
The orc closely misses you.
The orc priest invokes the aid of Beogh against you.
Beogh smites you!
You die...

#.# #.# ##### #.#
#)†.# #.#
#.###)#.####.#
#.....#...))o##
.......#.......#######
##..#######...oo@.5..#
#Y. #.......####### #.
#.####.## # # #.# ..#
##.# #.# #.#


You could see an orc warrior, an orc priest, an orc (ally target) and a friendly
crimson imp (summoned).

Vanquished Creatures
  Sigmund (D:2)
  4 yaks (D:8)
  An orc warrior (D:8)
  An ogre (D:4)
  A phantom (D:4)
  2 water moccasin zombies (D:5)
  A howler monkey (D:5)
  A jelly (D:5)
  An orc priest (D:5)
  4 orc wizards
  2 iguanas
  A hound skeleton (D:4)
  Robin (D:2)
  8 adders
  A howler monkey skeleton (D:4)
  2 worms
  A dart slug (D:5)
  22 orcs
  5 ball pythons
  5 endoplasms
  5 giant cockroaches
  13 goblins
  7 hobgoblins
  5 jackals
  2 quokkas (D:2)
  4 bats
  4 frilled lizards
  A kobold (D:3)
  3 rats
109 creatures vanquished.

Vanquished Creatures (collateral kills)
  A goblin (D:2)
1 creature vanquished.

Grand Total: 110 creatures vanquished

Notes
Turn   | Place    | Note
-------+----------+-------------------------------------------
     0 | D:1      | pokeman the Deep Elf Hedge Wizard began the quest for the
                  | Orb.
     0 | D:1      | Reached XP level 1. HP: 10/10 MP: 7/7
    47 | D:1      | Found Rillaer's Armour Boutique.
   239 | D:1      | Found a faded altar of an unknown god.
   573 | D:1      | Reached XP level 2. HP: 16/16 MP: 4/9
  1391 | D:1      | Reached skill level 5 in Spellcasting
  1489 | D:2      | Reached XP level 3. HP: 11/20 MP: 5/11
  1494 | D:2      | Learned a level 3 spell: Mephitic Cloud
  1497 | D:2      | Learned a level 2 spell: Call Imp
  1500 | D:2      | Learned a level 2 spell: Blink
  1504 | D:2      | Learned a level 3 spell: Conjure Flame
  1737 | D:2      | Noticed Sigmund
  1749 | D:2      | Killed Sigmund
  1750 | D:2      | Reached skill level 1 in Fighting
  1750 | D:2      | Reached skill level 1 in Armour
  1750 | D:2      | Reached skill level 6 in Spellcasting
  1750 | D:2      | Reached XP level 4. HP: 12/26 MP: 3/14
  1750 | D:2      | Reached XP level 5. HP: 14/30 MP: 3/15
  2656 | D:2      | Noticed Robin
  2685 | D:2      | Killed Robin
  2686 | D:2      | Reached XP level 6. HP: 17/35 MP: 2/17
  2923 | D:3      | Reached skill level 1 in Fire Magic
  3960 | D:3      | Reached skill level 7 in Spellcasting
  3983 | D:3      | Reached skill level 1 in Air Magic
  4452 | D:4      | Reached skill level 1 in Poison Magic
  4452 | D:4      | Reached XP level 7. HP: 39/39 MP: 10/20
  4810 | D:4      | Found a shadowy altar of Dithmenos.
  4990 | D:5      | Entered Level 5 of the Dungeon
  5075 | D:5      | Reached skill level 8 in Spellcasting
  5666 | D:5      | You are sucked into a shaft and drop 3 floors!
  5690 | D:8      | Reached skill level 1 in Evocations
  5709 | D:8      | Noticed a yak
  5717 | D:8      | Killed a yak
  5718 | D:8      | Reached skill level 9 in Spellcasting
  5718 | D:8      | Reached XP level 8. HP: 24/44 MP: 3/23
  5732 | D:8      | Reached skill level 5 in Conjurations
  5827 | D:8      | Killed from afar by an orc priest

Illustrated notes

Levels and vault maps discovered:
D:1:      onia_arrival_mini_maze_b, layout_basic, serial_shops,
          nicolae_shop_window_shopping, nicolae_ecumenical_lake_church
D:2:      layout_rooms, uniq_sigmund, uniq_robin
D:3:      layout_loops_corners
D:4:      layout_basic, nicolae_dithmenos_through_a_glass_darkly
D:5:      layout_cave_pools, mainiacjoe_overflow_paths,
          minmay_temple_entry_fiery
D:8:      layout_loops_ring, ebering_ghost_rock_garden,
          kennysheep_generic_room_6

Skill      XL: |  1  2  3  4  5  6  7  8 |
---------------+-------------------------+-----
Spellcasting   | 5 6 7 9 |  9.9
Fighting       | 1 2 |  2.1
Armour         | 1 2 |  2.9
Conjurations   | 2 3 4 5 |  5.2
Fire Magic     | 1 2 3 |  3.6
Dodging        | 3 |  3.1
Air Magic      | 1 |  1.0
Stealth        | 3 |  3.1
Poison Magic   | 1 |  1.2
Evocations     | 1 |  1.1
Summonings     | |  1.1
Translocations | |  1.1

Action                   |  1- 3 |  4- 6 |  7- 9 || total
-------------------------+-------+-------+-------++-------
Melee: Dagger            |    13 |    54 |    29 ||    96
 Cast: Magic Dart        |    49 |   151 |    53 ||   253
       Mephitic Cloud    |     1 |     4 |     5 ||    10
       Conjure Flame     |     1 |     3 |     7 ||    11
       Call Imp          |       |     2 |     4 ||     6
       Blink             |       |     1 |     3 ||     4
 Stab: Confused          |     1 |     1 |     3 ||     5
       Distracted        |       |     1 |       ||     1
Armor: Robe              |     7 |     3 |       ||    10
       Leather armour    |       |     4 |     7 ||    11
Dodge: Dodged            |    24 |    44 |    24 ||    92

Table legend: (Time is in decaauts)
 A = Elapsed time spent in this place.
 B = Non-inter-level travel time spent in this place.
 C = Inter-level travel time spent in this place.
 D = Time resting spent in this place.
 E = Time spent auto-exploring this place.
 F = Levels seen in this place.
 G = Mean time per level.
                   A        B        C        D        E       F      G
               +--------+--------+--------+--------+--------+-----+--------+
         Total |   5837 |   5578 |    259 |    591 |   4182 |   6 |  972.8 |
       Dungeon |   5837 |   5578 |    259 |    591 |   4182 |   6 |  972.8 |
               +--------+--------+--------+--------+--------+-----+--------+

Top non-repeatable levels by time:
     D:1: 1734 daAuts
     D:3: 1480 daAuts
     D:2: 1168 daAuts
     D:4: 901 daAuts
     D:5: 391 daAuts
     D:8: 160 daAuts
